 Dungeon Crawl Stone Soup version 0.27.1 (webtiles) character file.

Game seed: 685386409200306506

229 Malachi the Ducker (level 6, -1/53 HPs)
             Began as a Gnoll Monk on Aug 20, 2021.
             Was a Priest of Trog.
             Slain by an orc (4 damage)
             ... on level 4 of the Dungeon.
             The game lasted 00:06:11 (3716 turns).

Malachi the Ducker (Gnoll Monk)                     Turns: 3716, Time: 00:06:12

Health: -1/53      AC:  6    Str:  7 (8)  XL:     6   Next: 3%
Magic:  8/8        EV: 16    Int:  8 (10) God:    Trog [***...]
Gold:   65         SH:  0    Dex: 18 (21) Spells: 8/8 levels left

rFire    . . .     SeeInvis .   u - +7 short sword of the Ass {freeze, rPois Str-3 Dex+6}
rCold    . . .     Faith    .   (no shield)
rNeg     . . .     Spirit   .   b - +0 robe
rPois    +         Reflect  .   (no helmet)
rElec    .         Harm     .   f - +0 cloak
rCorr    .         Rampage  .   (no gloves)
Will     .....                  q - +0 pair of boots
Stlth    +++.......             (no amulet)
HPRegen  0.17/turn              (no ring)
MPRegen  0.11/turn              (no ring)

@: mighty, attractive, flying, hasted, very quick
A: fangs 1, strong nose, distributed training, iridescent scales 1, MP-powered
wands
a: Renounce Religion, Berserk, Trog's Hand


You were on level 4 of the Dungeon.
You worshipped Trog.
Trog was most pleased with you.
You visited 1 branch of the dungeon, and saw 4 of its levels.

You collected 225 gold pieces.
You spent 160 gold pieces at shops.

Inventory:

Hand Weapons
 g - a +0 dagger of venom
 u - the +7 short sword of the Ass (weapon) {freeze, rPois Str-3 Dex+6}
   (You bought it in a shop on level 1 of the Dungeon)

   It freezes those it strikes, dealing additional cold damage.
   It can also slow down cold-blooded creatures.
   Str:       It affects your strength (-3).
   Dex:       It affects your dexterity (+6).
   rPois:     It protects you from poison.
 v - a +0 demon blade
Armour
 b - a +0 robe (worn)
 f - a +0 cloak (worn)
 q - a +0 pair of boots (worn)
Wands
 t - a wand of iceblast (10)
Scrolls
 e - 2 scrolls of noise {unknown}
 h - a scroll of enchant armour {unknown}
 i - a scroll of magic mapping {unknown}
 j - a scroll of summoning {unknown}
 n - 4 scrolls of identify
 p - a scroll of blinking {unknown}
 r - 3 scrolls of fog {unknown}
Potions
 d - a potion of lignification


   Skills:
 + Level 6.7 Fighting
 + Level 1.7 Short Blades
 + Level 6.7 Long Blades
 + Level 1.7 Axes
 + Level 1.7 Maces & Flails
 + Level 1.7 Polearms
 + Level 1.7 Staves
 + Level 1.7 Slings
 + Level 1.7 Bows
 + Level 1.7 Crossbows
 + Level 1.7 Throwing
 + Level 1.7 Armour
 + Level 6.7 Dodging
 + Level 4.5 Stealth
 + Level 1.7 Shields
 + Level 1.7 Unarmed Combat
 + Level 1.7 Spellcasting
 + Level 1.3 Conjurations
 + Level 1.3 Hexes
 + Level 1.3 Summonings
 + Level 1.3 Necromancy
 + Level 1.3 Translocations
 + Level 1.3 Transmutations
 + Level 1.3 Fire Magic
 + Level 1.3 Ice Magic
 + Level 1.3 Air Magic
 + Level 1.3 Earth Magic
 + Level 1.3 Poison Magic
 + Level 2.0 Invocations
 + Level 1.7 Evocations


You had 8 spell levels left.
You didn't know any spells.
Your spell library was empty.

Dungeon Overview and Level Annotations

Branches:
Dungeon (4/15)             Temple (0/1) D:4

Altars:
Trog

Shops:
D:1 !**((


Innate Abilities, Weirdness & Mutations

You have very sharp teeth.
Your uncanny sense of smell can sniff out nearby items.
Your experience applies equally to all skills.
You are partially covered in iridescent scales. (AC +2)
You expend magic power (3 MP) to strengthen your wands.


Message History

Your experience leads to an increase in your attributes!
Your base attributes are Str 11, Int 10, Dex 14.
Increase (S)trength, (I)ntelligence, or (D)exterity?
You feel agile.
Unknown command.
It was a potion of mutation.
You feel extremely strange.
Iridescent scales grow over part of your body.
You feel your magical essence link to the dungeon's wands.
The hobgoblin hits you but does no damage.
It was a potion of cancellation.
You feel magically purged. The orc hits you with a +0 flail.
* * * LOW HITPOINT WARNING * * *
The hobgoblin completely misses you.
An orc priest comes into view. It is wielding a +0 flail.
The orc warrior barely misses you.
An orc comes into view. It is wielding a +0 mace.
It was a potion of haste.
You feel yourself speed up. The orc misses you.
The hobgoblin hits you but does no damage.
The orc warrior hits you from afar with a +0 glaive.
* * * LOW HITPOINT WARNING * * *
It was a potion of attraction.
You feel attractive to monsters.
The orc priest shouts!
The orc closely misses you. The hobgoblin barely misses you.
The orc priest misses you. The orc is pulled toward you!
The orc priest is pulled toward you!
It was a potion of flight.
You feel very buoyant.
You fly up into the air.
The orc warrior barely misses you. The orc closely misses you.
The orc priest is pulled toward you!
It was a potion of degeneration.
There was something very wrong with that liquid.
You feel weakened.
You feel dopey.
You feel clumsy. The hobgoblin closely misses you.
A goblin comes into view. It is wielding a +0 club.
The orc warrior misses you. The goblin is pulled toward you!
It was a potion of might.
You feel very mighty all of a sudden. The orc hits you with a +0 flail.
You die...

......... .........#
#.....###..
#........#≈≈≈≈≈≈≈≈≈#..
#........#≈#.....#≈#..
#....g....≈.......≈...
#.........≈.......≈...
#....o....≈...>...≈...
#...†oo...≈.......≈..#
#...o@o...≈.......≈..#
#...g....#≈#.....#≈#.#
#........#≈≈≈≈≈≈≈≈≈#.#
#........###.....###.#
#...................(#
#..............#######
################


You could see an orc warrior, 2 orc priests, 2 orcs, a hobgoblin and a goblin.

Vanquished Creatures
  A black bear (D:4)
  An iguana (D:4)
  2 adders
  An adder skeleton (D:4)
  A worm (D:4)
  2 dart slugs (D:1)
  An orc (D:3)
  4 endoplasms
  5 giant cockroaches
  10 goblins
  11 hobgoblins
  4 jackals (D:1)
  4 quokkas
  5 ball pythons
  7 bats
  8 frilled lizards
  10 kobolds
  6 rats
83 creatures vanquished.

Vanquished Creatures (others)
  2 fungi (D:2)
  2 plants (D:2)
  4 toadstools (D:1)
8 creatures vanquished.

Grand Total: 91 creatures vanquished

Notes
Turn   | Place    | Note
-------+----------+-------------------------------------------
     0 | D:1      | Malachi the Gnoll Monk began the quest for the Orb.
     0 | D:1      | Reached XP level 1. HP: 23/23 MP: 1/1
     4 | D:1      | Found Paytocod's Assorted Antiques.
   422 | D:1      | Found Lacef's Distillery.
   429 | D:1      | Reached XP level 2. HP: 26/29 MP: 2/2
   830 | D:1      | Found Uxamuol's Weapon Shoppe.
   854 | D:1      | Found Xiuso's Assorted Antiques.
  1216 | D:1      | Reached XP level 3. HP: 31/35 MP: 3/3
  1259 | D:1      | Found Mofaleq's Antique Weapon Boutique.
  1341 | D:1      | Reached skill level 1 in Invocations
  1707 | D:2      | Reached skill level 1 in Short Blades
  1707 | D:2      | Reached skill level 1 in Axes
  1707 | D:2      | Reached skill level 1 in Maces & Flails
  1707 | D:2      | Reached skill level 1 in Polearms
  1707 | D:2      | Reached skill level 1 in Staves
  1707 | D:2      | Reached skill level 1 in Slings
  1707 | D:2      | Reached skill level 1 in Bows
  1707 | D:2      | Reached skill level 1 in Crossbows
  1707 | D:2      | Reached skill level 1 in Throwing
  1707 | D:2      | Reached skill level 1 in Armour
  1707 | D:2      | Reached skill level 1 in Shields
  1707 | D:2      | Reached skill level 1 in Unarmed Combat
  1707 | D:2      | Reached skill level 1 in Spellcasting
  1707 | D:2      | Reached skill level 1 in Evocations
  1728 | D:2      | Found a faded altar of an unknown god.
  1737 | D:2      | Reached XP level 4. HP: 40/41 MP: 5/5
  1757 | D:2      | Became a worshipper of Trog the Wrathful
  1757 | D:2      | Reached * piety under Trog
  1757 | D:2      | Reached ** piety under Trog
  2198 | D:2      | Reached *** piety under Trog
  2583 | D:3      | Reached skill level 1 in Conjurations
  2583 | D:3      | Reached skill level 1 in Hexes
  2583 | D:3      | Reached skill level 1 in Summonings
  2583 | D:3      | Reached skill level 1 in Necromancy
  2583 | D:3      | Reached skill level 1 in Translocations
  2583 | D:3      | Reached skill level 1 in Transmutations
  2583 | D:3      | Reached skill level 1 in Fire Magic
  2583 | D:3      | Reached skill level 1 in Ice Magic
  2583 | D:3      | Reached skill level 1 in Air Magic
  2583 | D:3      | Reached skill level 1 in Earth Magic
  2583 | D:3      | Reached skill level 1 in Poison Magic
  3244 | D:1      | Bought an encrusted short sword for 160 gold pieces
  3244 | D:1      | Identified the +7 short sword of the Ass {freeze, rPois
                  | Str-3 Dex+6} (You bought it in a shop on level 1 of the
                  | Dungeon)
  3370 | D:4      | Noticed a black bear
  3384 | D:4      | Killed a black bear
  3385 | D:4      | Reached XP level 5. HP: 25/47 MP: 5/7
  3683 | D:4      | Found a staircase to the Ecumenical Temple.
  3705 | D:4      | Noticed an orc warrior
  3710 | D:4      | Reached XP level 6. HP: 14/53 MP: 8/8
  3710 | D:4      | Gained mutation: You are partially covered in iridescent
                  | scales. (AC +2) [potion of mutation]
  3710 | D:4      | Gained mutation: You expend magic power (3 MP) to
                  | strengthen your wands. [potion of mutation]
  3716 | D:4      | Slain by an orc

Illustrated notes

Levels and vault maps discovered:
D:1:      ldierk_water_garden, layout_basic, serial_shops, nicolae_shop_crystal,
          shop, shop, nicolae_shop_window_shopping, nicolae_lakefront_shop,
          minmay_tetromino_t2
D:2:      minmay_evil_eye, layout_loops_ring, dreamdust_ecumenical_altar_grove
D:3:      layout_rooms
D:4:      layout_basic, minmay_temple_entry_water_ring

Skill      XL: |  1  2  3  4  5 |
---------------+----------------+-----
Invocations    | 1 2 |  2.0
Short Blades   | 1 |  1.7
Axes           | 1 |  1.7
Maces & Flails | 1 |  1.7
Polearms       | 1 |  1.7
Staves         | 1 |  1.7
Slings         | 1 |  1.7
Bows           | 1 |  1.7
Crossbows      | 1 |  1.7
Throwing       | 1 |  1.7
Armour         | 1 |  1.7
Shields        | 1 |  1.7
Unarmed Combat | 1 |  1.7
Spellcasting   | 1 |  1.7
Evocations     | 1 |  1.7
Conjurations   | 1 |  1.3
Hexes          | 1 |  1.3
Summonings     | 1 |  1.3
Necromancy     | 1 |  1.3
Translocations | 1 |  1.3
Transmutations | 1 |  1.3
Fire Magic     | 1 |  1.3
Ice Magic      | 1 |  1.3
Air Magic      | 1 |  1.3
Earth Magic    | 1 |  1.3
Poison Magic   | 1 |  1.3
Fighting       | |  6.7
Long Blades    | |  6.7
Dodging        | |  6.7
Stealth        | |  4.5

Action                   |  1- 3 |  4- 6 || total
-------------------------+-------+-------++-------
Melee: Falchion          |    60 |       ||    60
       Bite              |    13 |    13 ||    26
       Dagger            |    47 |    93 ||   140
       Short sword       |       |    17 ||    17
  Use: Scroll            |     1 |       ||     1
       Potion            |       |     7 ||     7
 Stab: Sleeping          |     6 |     6 ||    12
       Distracted        |       |     2 ||     2
Armor: Robe              |    17 |    18 ||    35
Dodge: Dodged            |    94 |   100 ||   194
       Rpst.: Falchion   |    16 |       ||    16
